 Dungeon Crawl Stone Soup version 0.18.1-48-g4cf74bf (webtiles) character file.

1222 MistressOfTheDunes the Insei (level 8, -25/63 HPs)
             Began as a Mummy Monk on June 26, 2016.
             Shot with a bolt by a yaktaur (32 damage)
             ... on level 2 of the Dungeon.
             The game lasted 00:15:38 (19969 turns).

MistressOfTheDunes the Insei (Mummy Monk)          Turns: 19969, Time: 00:15:38

Health: -25/63     AC:  2    Str: 14    XL:     8   Next: 23%
Magic:  8/8        EV: 19    Int: 10    God:
Gold:   236        SH:  0    Dex: 18    Spells: 0 memorised, 7 levels left

rFire  x . .     SeeInvis .       - Unarmed
rCold  + . .     Gourm    .     (no armour)
rNeg   + + +     Faith    .     (no shield)
rPois  ∞         Spirit   .     (no helmet)
rElec  .         Dismiss  .     m - +0 cloak
rCorr  .         Reflect  .     (no gloves)
SustAt .         Harm     .     h - +0 pair of boots
MR     +....                    (no amulet)
Stlth  ++........               a - +2 ring of dexterity
                                b - +3 ring of evasion

@: somewhat resistant to hostile enchantments, unstealthy
A: no food or potions, fire vulnerability, cold resistance 1, negative energy
resistance 3, torment resistance, unbreathing
a: no special abilities


You were on level 2 of the Dungeon.
You were not hungry.

You visited 1 branch of the dungeon, and saw 5 of its levels.

You collected 236 gold pieces.


Innate Abilities, Weirdness & Mutations

You do not eat or drink.
Your flesh is vulnerable to fire.
You are immune to poison.
Your flesh is cold resistant.
You are immune to negative energy.
You are immune to unholy pain and torment.
You can survive without breathing.


   Skills:
 + Level 5.5 Fighting
 - Level 5.2 Dodging
 - Level 1.5 Stealth
 - Level 6.4 Unarmed Combat


You had 7 spell levels left.
You didn't know any spells.

Inventory:

Armour
 h - a +0 pair of boots (worn)
 m - a +0 cloak (worn)
Jewellery
 a - a +2 ring of dexterity (right hand)
 b - a +3 ring of evasion (left hand)
 n - a cursed -3 ring of slaying {unknown}
 o - an uncursed amulet of regeneration {unknown}
Scrolls
 c - a scroll of fear {unknown}
 d - 5 scrolls of remove curse
 e - 2 scrolls of fog {unknown}
 f - 5 scrolls of random uselessness
 g - 3 scrolls of enchant weapon (quivered)
 i - 2 scrolls of immolation {!r}
 j - a scroll of amnesia
 k - a scroll of magic mapping {unknown}
 l - a scroll of recharging {unknown}
 p - a scroll of enchant armour {unknown}

Dungeon Overview and Level Annotations

Branches:
Dungeon (5/15)
 Temple: D:4-7

Altars:
Gozag
Pakellas
Qazlal

Annotations:
D:4 mindo's ghost, amateur DEWz

▒..▒▒...▒▒▒▒.▒▒.▒............
▒..▒▒...▒ ▒.▒▒.▒..▒..▒▒▒.▒.▒
▒▒..▒▒...▒▒▒▒.▒▒.▒..▒..▒ ▒.▒.▒
▒...................▒..▒▒▒.▒.▒
▒▒..▒▒▒..▒▒▒▒.▒▒▒▒..▒.........
▒..▒▒▒.......▒▒....▒.........
▒▒...........c.'..............
▒.............<▒....▒..▒▒..▒▒▒
▒▒▒▒▒▒▒..▒▒▒.M▒▒....▒..▒▒..▒
▒..▒ ▒...........▒▒..▒▒▒ ▒..▒
▒.................. ▒..▒
▒..▒▒▒▒▒.▒▒.▒▒.▒.▒▒
▒..▒▒▒.)▒▒▒▒▒.▒▒.▒▒.▒.▒
▒...................▒.▒
▒.▒▒▒▒%..▒▒▒▒.▒▒.▒▒▒▒.▒
▒.▒▒▒▒.........▒.▒ ▒.▒▒
▒..............▒.▒ ▒.▒▒


You could see a yaktaur.


Message History

The yaktaur completely misses you!
You completely miss the yaktaur!
The yaktaur is heavily wounded!
The yaktaur closely misses you!
You pummel the yaktaur like a punching bag!
The yaktaur is severely wounded!
The yaktaur misses you!
You pulverise the yaktaur!
The yaktaur is severely wounded!
The yaktaur hits you!!!!!! * * * don't die
* * * You are too injured to fight recklessly!!!
You are too injured to fight recklessly!!!
You are too injured to fight recklessly!!!
You beat the yaktaur into a bloody pulp!
The yaktaur is severely wounded!
The yaktaur barely misses you!
You squash the yaktaur like an ant!!!
The yaktaur is almost dead!
The yaktaur closely misses you!
You completely miss the yaktaur!
The yaktaur is almost dead!
You squash the yaktaur like an ant!
The yaktaur is almost dead!
The yaktaur hits you!!! * * * don't die
* * * The yaktaur wields an arbalest!
The yaktaur shoots a bolt!
The bolt hits you!!!!!!
DANG rip

Action                   |  1- 3 |  4- 6 |  7- 9 || total
-------------------------+-------+-------+-------++-------
Melee: Unarmed           |   156 |   429 |   235 ||   820
       Punch             |     2 |     9 |     7 ||    18
  Use: Scroll            |       |     4 |     1 ||     5
 Stab: Sleeping          |     5 |     7 |       ||    12
Armor: Skin              |       |    17 |    15 ||    32
Dodge: Dodged            |   110 |   284 |   163 ||   557

Vault maps used:
D:1:      dpeg_arrival_rhombus
D:3:      lemuel_doored_altar, grunt_pakellas_basics
D:4:      uniq_crazy_yiuf_cottage
D:5:      kennysheep_mini, first_bread

Notes
Turn   | Place    | Note
--------------------------------------------------------------
     0 | D:1      | MistressOfTheDunes the Mummy Monk began the quest for the Orb.
     0 | D:1      | Reached XP level 1. HP: 18/18 MP: 1/1
   475 | D:1      | Reached XP level 2. HP: 24/24 MP: 2/2
   995 | D:1      | Reached skill level 4 in Unarmed Combat
  1665 | D:2      | Reached XP level 3. HP: 29/29 MP: 3/3
  2266 | D:2      | Reached XP level 4. HP: 18/35 MP: 4/4
  3379 | D:3      | Reached skill level 5 in Unarmed Combat
  3926 | D:3      | Found an oddly glowing altar of Pakellas.
  3959 | D:3      | Reached XP level 5. HP: 23/41 MP: 5/5
  4322 | D:3      | Reached skill level 4 in Fighting
  4914 | D:3      | Found an opulent altar of Gozag.
  8194 | D:1      | Reached XP level 6. HP: 50/50 MP: 6/6
  8279 | D:1      | Noticed a komodo dragon
  8845 | D:1      | Noticed a deep elf knight
  8964 | D:4      | Noticed mindo's ghost (amateur DEWz)
  8989 | D:4      | Reached skill level 5 in Fighting
  9976 | D:4      | Reached skill level 3 in Dodging
 10081 | D:4      | Noticed Crazy Yiuf
 10182 | D:3      | Killed Crazy Yiuf
 10754 | D:5      | Entered Level 5 of the Dungeon
 10869 | D:5      | Reached skill level 4 in Dodging
 11156 | D:5      | Found a stormy altar of Qazlal.
 11223 | D:5      | Noticed a sky beast
 11238 | D:5      | Killed a sky beast
 11238 | D:5      | Reached XP level 7. HP: 41/56 MP: 7/7
 11289 | D:5      | Noticed sarahorange's ghost (novice SpVM)
 11529 | D:5      | Reached skill level 5 in Dodging
 12282 | D:5      | Killed sarahorange's ghost
 12282 | D:5      | Reached skill level 6 in Unarmed Combat
 12282 | D:5      | Reached XP level 8. HP: 31/62 MP: 8/8
 17410 | D:2      | Noticed a boulder beetle
 19950 | D:2      | Noticed a yaktaur
 19969 | D:2      | Shot with a bolt by a yaktaur

Vanquished Creatures
  The ghost of sarahorange the Magician, a novice SpVM (D:5)
  An ice beast (D:5)
  A sky beast (D:5)
  A centaur (D:5)
  A big kobold (D:2)
  A giant frog (D:5)
  3 hounds
  Crazy Yiuf (D:3)
  4 orc wizards
  An orc priest (D:5)
  A giant frog skeleton (D:4)
  5 worker ants
  A worker ant zombie (D:5)
  12 adders
  An ooze (D:3)
  4 worms
  5 dart slugs
  7 giant geckos
  9 orcs
  7 giant cockroaches
  13 goblins
  12 hobgoblins
  18 jackals
  7 quokkas
  A ball python (D:5)
  14 bats
  A giant gecko skeleton (D:5)
  2 giant newts
  A jackal zombie (D:5)
  16 kobolds
  9 rats
161 creatures vanquished.

Vanquished Creatures (others)
  A hound skeleton (D:5)
1 creature vanquished.

Grand Total: 162 creatures vanquished
